 Dungeon Crawl Stone Soup version 0.31.0-9-g3a7656b989 (webtiles) character file.

Game seed: 5821250681508400475

567 qw the Shooter (level 7, 0/35 HPs)
             Began as a Spriggan Hunter on Feb 2, 2024.
             Was a Follower of Okawaru.
             Slain by a gnoll
             ... wielding a +0 halberd
              (12 damage)
             ... on level 3 of the Dungeon.
             The game lasted 00:00:11 (2005 turns).

qw the Shooter (Spriggan Hunter)                    Turns: 2005, Time: 00:00:12

Health: 0/35       AC:  3    Str:  7    XL:     7   Next: 11%
Magic:  9/9        EV: 21    Int: 10    God:    Okawaru [*.....]
Gold:   80         SH:  0    Dex: 21    Spells: 6/6 levels left

rFire   . . .        a - +0 shortbow
rCold   . . .        (shield currently unavailable)
rNeg    . . .        c - +0 robe
rPois   .            (helmet restricted)
rElec   .            d - +0 cloak
rCorr   +            (gloves unavailable)
SInv    +            (boots unavailable)
Will    +....        (no amulet)
Stlth   ++           f - ring of resist corrosion
HPRegen 0.25/turn    (no ring)
MPRegen 0.11/turn

%: no passive effects
@: very quick
A: very small, no large weapons, unfitting armour, see invisible, speed 3
a: Renounce Religion, Heroism


You were on level 3 of the Dungeon.
You worshipped Okawaru.
Okawaru was aware of your devotion.
You visited 1 branch of the dungeon, and saw 3 of its levels.

You collected 80 gold pieces.


Innate Abilities, Weirdness & Mutations

You are very small and have problems with some larger weapons.
You are too small for most types of armour.
You have supernaturally acute eyesight. (SInv)
You cover ground extremely quickly. (Speed+++)


   Skills:
 - Level 2.0 Fighting
 + Level 6.9 Ranged Weapons
 - Level 6.0 Dodging
 - Level 1.5 Stealth
 + Level 2.3 Invocations


You had 6 spell levels left.
You didn't know any spells.
Your spell library was empty.

Inventory:

Hand Weapons
 a - a +0 shortbow (weapon)
Armour
 c - a +0 robe (worn)
 d - a +0 cloak (worn)
Jewellery
 f - a ring of resist corrosion (left hand)
Scrolls
 g - a scroll of revelation {unknown}
 h - 3 scrolls of fog {unknown}
 j - a scroll of identify
 k - a scroll of blinking {unknown}
Potions
 b - a potion of might
 e - 2 potions of curing
 i - a potion of degeneration {unknown}

Dungeon Overview and Level Annotations

Branches:
Dungeon (3/15)

Altars:
Okawaru

Shops:
D:3 (


Message History

You shoot an arrow. The arrow hits the gnoll.
The gnoll is almost dead.
The gnoll completely misses you.
You shoot an arrow. The arrow hits the gnoll.
You kill the gnoll!
Okawaru accepts your kill.
You shoot an arrow. The arrow hits the gnoll.
The gnoll is moderately wounded.
The gnoll closely misses you. The gnoll completely misses you.
You shoot an arrow. The arrow hits the gnoll!
The gnoll is almost dead.
The gnoll completely misses you. x2
You shoot an arrow. The arrow hits the gnoll.
You kill the gnoll!
Okawaru accepts your kill. The gnoll misses you.
You shoot an arrow. The arrow hits the gnoll.
The gnoll is moderately wounded.
The gnoll completely misses you.
You shoot an arrow. The arrow closely misses the gnoll.
The gnoll completely misses you.
You shoot an arrow. The arrow barely misses the gnoll.
The gnoll closely misses you.
You shoot an arrow. The arrow completely misses the gnoll.
The gnoll misses you.
You shoot an arrow. The arrow hits the gnoll!
You kill the gnoll!
Okawaru accepts your kill.
You shoot an arrow. The arrow hits the gnoll.
The gnoll is moderately wounded.
The gnoll hits you from afar with a +0 halberd.
You shoot an arrow. The arrow barely misses the gnoll.
The gnoll hits you from afar with a +0 halberd.
You shoot an arrow. The arrow hits the gnoll.
The gnoll is heavily wounded.
The gnoll closely misses you.
You shoot an arrow. The arrow hits the gnoll.
The gnoll is almost dead.
The gnoll hits you from afar with a +0 halberd!
You die...

#.....\..##....
#########.##.).##
#..[####..##.#..# g
#...##.###.##.# ..
###....###.##.. #.g
##.##.##...... #..
##..##...)..##. #..
#####..####.##....#
#...#)@...##
#.##.##.. #.g)#####
..##.#### #..##
.####.# ##. ## ..#
#. .## .. .. g. ##
... g.#


You could see a gnoll.

Vanquished Creatures
  Sigmund (D:3)
  A phantom (D:3)
  An orc priest (D:3)
  Natasha (thrice) (D:2)
  An orc wizard (D:3)
  Robin (D:2)
  9 gnolls
  4 adders
  4 orcs (D:3)
  7 bats
  5 endoplasms
  3 giant cockroaches (D:1)
  16 goblins
  8 hobgoblins
  2 kobolds
  A quokka (D:1)
  A ball python (D:2)
  2 frilled lizards
  5 rats
75 creatures vanquished.

Notes
Turn   | Place    | Note
-------+----------+-------------------------------------------
     0 | D:1      | qw the Spriggan Hunter began the quest for the Orb.
     0 | D:1      | Reached XP level 1. HP: 10/10 MP: 2/2
     0 | D:1      | 0 ||| qw: Version: 0.3-a-155-g5e7d8dd
     0 | D:1      | 0 ||| qw: Game counter: 2694
     0 | D:1      | 0 ||| qw: Melee chars always use a shield: true
     0 | D:1      | 0 ||| qw: God list: Okawaru
     0 | D:1      | 0 ||| qw: Allow faded altars: false
     0 | D:1      | 0 ||| qw: Do Orc after clearing Dungeon:15 true
     0 | D:1      | 0 ||| qw: Do second Lair branch before Depths: true
     0 | D:1      | 0 ||| qw: Lair rune preference: random
     0 | D:1      | 0 ||| qw: Goals: Normal
     0 | D:1      | 0 ||| PLANNING D:1-11
    52 | D:1      | Reached skill level 3 in Dodging
    99 | D:1      | Reached XP level 2. HP: 14/14 MP: 3/3
   279 | D:1      | Reached XP level 3. HP: 14/18 MP: 4/4
   524 | D:1      | 524 ||| UPGRADING to +0 cloak.
   529 | D:1      | 529 ||| UPGRADING to ring of resist corrosion.
   530 | D:1      | 530 ||| DRINKING 2 purple potions.
   531 | D:1      | 531 ||| DROPPING scroll of butterflies.
   575 | D:2      | 575 ||| STAIRDANCE
   580 | D:2      | 580 ||| STAIRDANCE
   629 | D:2      | Noticed Natasha
   639 | D:2      | Killed Natasha
   640 | D:2      | Reached XP level 4. HP: 13/22 MP: 5/5
   726 | D:2      | Noticed Natasha
   728 | D:2      | Killed Natasha
   738 | D:2      | Noticed Robin
   759 | D:2      | HP: 5/23 [goblin/+0 club[Robin] (2)]
   762 | D:2      | Killed Robin
   763 | D:2      | Reached XP level 5. HP: 7/26 MP: 6/6
   766 | D:2      | HP: 5/26 [goblin/+0 club[Robin] (3)]
   767 | D:2      | HP: 2/26 [goblin/+0 dagger[Robin] (2)]
   985 | D:2      | Noticed Natasha
   994 | D:2      | Killed Natasha
  1347 | D:2      | 1347 ||| READING scroll labelled GUOPRURAJA.
  1347 | D:2      | 1347 ||| IDENTIFYING orange potion
  1348 | D:2      | 1348 ||| READING scroll labelled ILUYSYSEUZ.
  1449 | D:2      | 1449 ||| READING scroll labelled FATERH URIBOL.
  1504 | D:3      | Found an iron altar of Okawaru.
  1505 | D:3      | 1505 ||| PLANNING OKAWARU WORSHIP
  1512 | D:3      | Became a worshipper of Warmaster Okawaru
  1513 | D:3      | 1513 ||| PLANNING D:1-11
  1542 | D:3      | Noticed Sigmund
  1545 | D:3      | Noticed a phantom
  1546 | D:3      | 1546 ||| FLEEEEING.
  1547 | D:3      | 1547 ||| FLEEEEING.
  1548 | D:3      | 1548 ||| FLEEEEING.
  1552 | D:3      | Killed Sigmund
  1552 | D:3      | Reached * piety under Okawaru
  1553 | D:3      | Reached skill level 6 in Ranged Weapons
  1553 | D:3      | Reached XP level 6. HP: 27/30 MP: 7/7
  1568 | D:3      | Found Jayhe's Antique Weapon Shoppe.
  1587 | D:3      | Reached skill level 1 in Invocations
  1607 | D:3      | 1607 ||| SHOPLISTING glowing sling (135 gold, have 59).
  1884 | D:3      | Reached XP level 7. HP: 26/35 MP: 9/9
  1986 | D:3      | 1986 ||| RETREEEEATING.
  1991 | D:3      | Reached skill level 6 in Dodging
  2005 | D:3      | Slain by a gnoll

Levels and vault maps discovered:
D:1:      sevenhm_arrival_forest_fort_large_2, layout_rooms
D:2:      layout_basic, minmay_statues_item, minmay_tromino_v4_c, uniq_natasha,
          uniq_robin
D:3:      cheibrodos_pilgrimage, layout_rooms, mainiacjoe_overflow_boulevard,
          serial_shops, nicolae_diamond_shop, shop, shop, shop,
          minmay_misc_feat_hallway, dk_noncrumbling_3,
          minmay_misc_feat_secret_circle, uniq_sigmund

Skill      XL: |  1  2  3  4  5  6  7 |
---------------+----------------------+-----
Dodging        | 3 4 5 6 |  6.0
Ranged Weapons | 5 6 |  6.9
Fighting       | 2 |  2.0
Invocations    | 2 |  2.3
Stealth        | |  1.5

Action                     |  1- 3 |  4- 6 |  7- 9 || total
---------------------------+-------+-------+-------++-------
   Fire: Shortbow          |    99 |   173 |    27 ||   299
    Use: Potion            |     1 |       |       ||     1
         Scroll            |       |     3 |       ||     3
 Armour: Robe              |    17 |    40 |     5 ||    62
  Dodge: Dodged            |    43 |   156 |    13 ||   212

Table legend:
 A = Non-vault XP
 B = Vault XP
 C = Vault XP percentage of total XP
 D = Non-vault monster count
 E = Vault monster count
 F = Vault count percentage of total count
                 A         B        C        D         E       F
            +---------+---------+-------+---------+---------+-------
      Total |     458 |     353 |  43.5 |      55 |      20 |  26.7
            +---------+---------+-------+---------+---------+-------
        D:1 |      79 |       0 |   0.0 |      24 |       0 |   0.0
        D:2 |     115 |      75 |  39.5 |      14 |      16 |  53.3
        D:3 |     264 |     278 |  51.3 |      17 |       4 |  19.0
            +---------+---------+-------+---------+---------+-------
